Map: Tête de pont EC (Void)

Players

Splash

  • Race: Zerg Zerg
  • League: Silver

AgCl - Winner!

  • Race: Protoss Protoss
  • League: Silver

VOD

Have the link to the VOD?

Description

Time

  • Played on: July 17, 2015, 4:32 p.m.
  • Length: 18:28
Show
View Real Time Build Order
Export as new Build Order

Splash Zerg 

Build Orders: Pool First, Lurkers 

Get SALT Encoding   

  12  0:01  Drone  
  13  0:12  Overlord  
  13  0:18  Drone  
  14  0:32  Drone  
  14  0:33  Drone  
  14  0:35  Drone  
  17  0:45  Drone  
  18  0:52  Spawning Pool  
  18  0:56  Drone  
  18  1:17  Drone  
  19  1:18  Hatchery  
  18  1:27  Overlord, Extractor  
  18  1:30  Drone  
  18  1:39  Queen  
  20  1:41  Zergling x2  
  21  1:53  Zergling x2  
  22  2:03  Zergling x2  
  23  2:15  Queen  
  25  2:28  Drone x2  
  25  2:38  Drone x2  
  25  2:42  Metabolic Boost  
  27  2:44  Queen  
  27  2:46  Drone x2  
  27  2:50  Drone  
  27  2:51  Drone x3  
  35  3:10  Hatchery  
  35  3:11  Zergling x2  
  35  3:14  Overlord  
  35  3:25  Overlord  
  35  3:28  Overlord  
  34  3:42  Drone x3  
  34  3:44  Queen  
  34  3:47  Drone x4  
  43  4:01  Overlord  
  43  4:03  Lair  
  43  4:08  Drone x4, Extractor  
  43  4:09  Extractor  
  45  4:13  Zergling x6  
  48  4:24  Queen  
  47  4:40  Spore Crawler  
  47  4:42  Spore Crawler  
  43  4:46  Zergling x22  
  43  4:47  Zergling x4  
  56  4:59  Spine Crawler  
  55  5:06  Drone x3  
  48  5:40  Zergling x22  
  48  5:41  Zergling x10  
  62  5:52  Queen  
  62  5:54  Queen  
  50  6:26  Hydralisk Den  
  50  6:27  Queen  
  50  6:30  Queen  
  50  6:46  Zergling x2  
  49  6:47  Zergling x22  
  49  6:53  Extractor  
  59  6:57  Overlord  
  59  6:58  Overlord x5  
  59  7:03  Muscular Augments  
  59  7:22  Drone  
  59  7:23  Drone x5  
  59  7:24  Drone x2  
  64  7:48  Queen  
  64  7:49  Hydralisk  
  64  7:50  Hydralisk x6  
  80  8:00  Queen  
  82  8:08  Overlord x4  
  82  8:16  Evolution Chamber  
  79  8:24  Queen  
  75  8:38  Zergling x10  
  75  8:39  Zergling x6  
  82  8:52  Lurker Den  
  82  9:03  Spore Crawler  
  82  9:06  Extractor  
  80  9:14  Overseer  
  80  9:15  Hatchery  
  79  9:35  Hydralisk x2  
  79  9:36  Hydralisk x9  
  101  9:38  Hatchery  
  77  10:24  Spore Crawler  
  77  10:25  Overlord x2  
  77  10:26  Overlord  
  76  10:31  Spire  
  76  10:32  Hydralisk x4  
  83  10:36  Lurker  
  83  10:37  Lurker x5  
  89  10:57  Evolution Chamber  
  89  10:58  Evolution Chamber  
  89  11:02  Hatchery  
  86  11:04  Spore Crawler  
  86  11:07  Overseer  
  85  11:14  Overlord x2  
  85  11:25  Zerg Missile Weapons Level 1, Zerg Ground Armor Level 1  
  85  11:41  Queen  
  85  11:42  Drone x3  
  90  11:50  Zerg Flyer Weapons Level 1  
  90  11:51  Overlord  
  90  11:53  Hydralisk  
  92  12:01  Zergling x6  
  93  12:03  Overseer  
  60  13:16  Corruptor x6  
  60  13:17  Corruptor x4  
  80  13:24  Drone  
  80  13:25  Drone x2  
  80  13:40  Drone x5  
  85  13:49  Spine Crawler  
  85  13:53  Infestation Pit  
  83  14:38  Hive  
  83  14:40  Extractor  
  83  14:41  Roach Warren  
  83  14:43  Extractor  
  80  14:53  Hydralisk  
  80  14:54  Hydralisk x8  
  98  15:03  Zerg Missile Weapons Level 2  
  95  15:26  Drone x6  
  95  15:27  Drone x4  
  105  15:35  Hydralisk x3  
  111  15:55  Extractor  
  110  15:57  Extractor  
  109  16:18  Viper x3  
  42  17:40  Hydralisk x5, Roach  
  42  17:41  Hydralisk x15  
Show
View Real Time Build Order
Export as new Build Order

AgCl Protoss - Winner!

Build Orders: Oracle Opening 

Get SALT Encoding   

  12  0:14  Pylon  
  12  0:15  Probe  
  13  0:27  Probe  
  14  0:37  Gateway  
  14  0:39  Probe  
  15  0:51  Probe  
  15  0:53  Assimilator  
  15  0:54  Pylon  
  16  1:03  Probe  
  17  1:15  Probe  
  18  1:24  Zealot (Chrono Boost)  
  20  1:29  Cybernetics Core, Probe  
  21  1:41  Probe  
  22  1:53  Probe  
  23  2:06  Nexus  
  23  2:08  Warp Gate (Chrono Boost)  
  23  2:10  Probe  
  24  2:22  Probe  
  25  2:34  Probe (Chrono Boost)  
  26  2:42  Assimilator  
  24  2:44  Stargate  
  24  2:47  Probe (Chrono Boost)  
  25  2:54  Pylon  
  25  2:55  Probe (Chrono Boost)  
  27  3:09  Mothership Core (Chrono Boost)  
  27  3:11  Pylon  
  28  3:13  Adept (Chrono Boost)  
  31  3:25  Probe (Chrono Boost)  
  31  3:27  Gateway  
  31  3:29  Probe (Chrono Boost)  
  31  3:32  Probe (Chrono Boost)  
  33  3:36  Gateway  
  33  3:38  Probe  
  33  3:40  Oracle  
  38  3:53  Probe (Chrono Boost)  
  38  3:56  Probe (Chrono Boost), Gateway  
  40  4:06  Probe x2 (Chrono Boost)  
  41  4:12  Pylon  
  41  4:14  Probe  
  41  4:15  Adept  
  41  4:16  Probe  
  45  4:26  Probe  
  45  4:29  Void Ray (Chrono Boost)  
  48  4:40  Gateway  
  48  4:42  Adept  
  48  4:43  Stalker  
  52  4:51  Probe (Chrono Boost)  
  54  4:53  Probe (Chrono Boost)  
  54  4:57  Gateway  
  54  4:58  Gateway  
  55  5:08  Probe (Chrono Boost)  
  55  5:09  Adept x2  
  55  5:12  Probe (Chrono Boost)  
  58  5:14  Zealot  
  58  5:16  Probe (Chrono Boost)  
  51  5:26  Probe (Chrono Boost)  
  52  5:33  Forge  
  52  5:34  Probe (Chrono Boost)  
  54  5:36  Probe (Chrono Boost), Adept x3  
  54  5:42  Probe (Chrono Boost)  
  61  5:48  Sentry  
  61  5:50  Probe (Chrono Boost)  
  61  5:53  Assimilator  
  61  5:56  Adept  
  64  5:57  Adept, Assimilator  
  64  5:59  Probe (Chrono Boost)  
  64  6:00  Probe (Chrono Boost)  
  65  6:04  Zealot  
  65  6:10  Zealot  
  67  6:17  Protoss Ground Weapons Level 1 (Chrono Boost)  
  67  6:21  Pylon  
  64  6:26  Adept  
  64  6:27  Adept  
  64  6:30  Photon Cannon  
  66  6:37  Adept x2  
  66  6:42  Probe  
  66  6:46  Photon Cannon  
  68  6:47  Probe  
  68  6:50  Protoss Air Weapons Level 1  
  68  6:54  Probe  
  69  7:08  Nexus  
  69  7:10  Pylon  
  69  7:11  Gateway  
  69  7:13  Assimilator  
  69  7:15  Sentry  
  71  7:18  Pylon  
  67  7:25  Assimilator  
  61  7:34  Adept  
  61  7:36  Photon Cannon  
  61  7:38  Photon Cannon  
  52  7:47  Probe  
  51  7:52  Photon Cannon  
  51  7:54  Probe, Pylon  
  51  7:56  Photon Cannon  
  52  7:59  Probe (Chrono Boost)  
  53  8:10  Probe (Chrono Boost)  
  53  8:11  Probe (Chrono Boost)  
  51  8:16  Adept x3  
  51  8:17  Adept  
  60  8:20  Probe (Chrono Boost)  
  60  8:21  Probe (Chrono Boost)  
  58  8:32  Probe (Chrono Boost)  
  57  8:35  Twilight Council  
  57  8:36  Probe (Chrono Boost), Pylon  
  57  8:40  Mothership Core (Chrono Boost)  
  60  8:46  Probe (Chrono Boost)  
  61  8:48  Probe (Chrono Boost)  
  61  8:53  Probe (Chrono Boost), Pylon  
  63  8:55  Probe (Chrono Boost)  
  63  8:58  Probe (Chrono Boost)  
  63  9:00  Probe, Fleet Beacon  
  63  9:01  Pylon  
  65  9:04  Probe  
  65  9:08  Phoenix (Chrono Boost)  
  65  9:09  Probe  
  69  9:12  Probe  
  69  9:15  Protoss Ground Weapons Level 2 (Chrono Boost)  
  70  9:21  Probe  
  71  9:35  Adept  
  71  9:36  Stalker x3, Adept  
  82  9:38  Probe  
  82  9:41  Stalker  
  82  9:43  Zealot  
  84  9:56  Shield Upgrade (Chrono Boost)  
  80  10:02  Zealot x2, Carrier (Chrono Boost)  
  84  10:12  Mothership Core (Chrono Boost)  
  87  10:15  Probe (Chrono Boost)  
  87  10:26  Nexus  
  87  10:28  Pylon, Assimilator  
  93  10:29  Assimilator  
  93  10:32  Pylon  
  93  10:36  Templar Archives  
  93  10:38  Charge (Chrono Boost)  
  93  10:41  Graviton Catapult (Chrono Boost)  
  93  10:48  Pylon  
  93  10:57  Psionic Storm  
  93  11:01  Carrier (Chrono Boost)  
  93  11:03  Stargate, Photon Cannon  
  93  11:17  Gateway  
  99  11:21  High Templar x2  
  99  11:25  Carrier (Chrono Boost)  
  104  11:40  Protoss Ground Weapons Level 3  
  104  11:43  Probe (Chrono Boost)  
  113  11:47  Pylon  
  113  11:49  Protoss Air Weapons Level 2 (Chrono Boost)  
  111  11:55  Probe (Chrono Boost)  
  111  11:56  Probe (Chrono Boost)  
  111  11:59  Probe  
  111  12:00  Pylon  
  113  12:04  Pylon  
  113  12:07  Carrier (Chrono Boost)  
  113  12:08  Probe, Stargate  
  114  12:13  Probe, Photon Cannon  
  115  12:17  Probe, Pylon  
  121  12:42  Oracle (Chrono Boost)  
  111  12:52  Carrier (Chrono Boost)  
  109  13:00  Archon  
  109  13:03  Probe  
  110  13:08  Robotics Facility  
  110  13:09  Probe, Carrier (Chrono Boost)  
  114  13:20  Pylon  
  112  13:29  Gateway, Pylon  
  112  13:30  Nexus  
  118  13:36  Phoenix (Chrono Boost)  
  120  13:50  High Templar x2  
  120  13:51  High Templar x2  
  128  13:57  Photon Cannon  
  128  13:58  Carrier (Chrono Boost)  
  128  14:00  Gateway  
  129  14:03  Observer (Chrono Boost)  
  129  14:17  Observer  
  129  14:19  Protoss Air Armor Level 1 (Chrono Boost)  
  134  14:38  Photon Cannon  
  134  14:39  Assimilator  
  136  14:47  Probe (Chrono Boost)  
  136  14:48  Probe (Chrono Boost)  
  136  14:54  Cybernetics Core, Probe (Chrono Boost)  
  137  15:04  Protoss Shields Level 1  
  137  15:07  Probe (Chrono Boost)  
  137  15:13  Probe x2 (Chrono Boost)  
  141  15:14  Probe (Chrono Boost)  
  141  15:34  Probe  
  142  15:49  Protoss Air Weapons Level 3 (Chrono Boost)  
  142  15:59  Probe  
  142  16:00  Probe  
  144  16:08  Gateway  
  144  16:10  Probe  
  145  16:11  Gateway  
  145  16:12  Assimilator  
  145  16:13  Pylon  
  145  16:15  Carrier x2 (Chrono Boost)  
  145  16:20  Dark Shrine  
  145  16:22  Pylon  
  145  16:28  Warp Prism  
  159  16:45  Carrier (Chrono Boost)  
  163  17:33  Archon x2  
Tags
 
Add a new tag
Caveats
  • Supply blocks, unpowered buildings, or Contaminate may cause inaccurate times.
  • Supply counts are checked every 10 seconds.